 Dungeon Crawl Stone Soup version 0.26.0-10-g1f06aea511 (webtiles) character file.

Game seed: 8216303138080827187

12586 Borgoz the Nimble (level 11, -1/94 HPs)
             Began as a Ghoul Gladiator on Jan 18, 2021.
             Was a Believer of Ashenzari.
             Slain by a 12-headed hydra (8 damage)
             ... on level 11 of the Dungeon.
             The game lasted 00:17:29 (14809 turns).

Borgoz the Nimble (Ghoul Gladiator)                Turns: 14809, Time: 00:17:30

Health: -1/94      AC: 13    Str: 19    XL:     11   Next: 95%
Magic:  10/10      EV: 14    Int:  3    God:    Ashenzari [**....]
Gold:   590        SH:  3    Dex: 13    Spells: 7/10 levels left

rFire    . . .     SeeInvis +   h - +6 scimitar (freeze)
rCold    + . .     Faith    .   f - +0 buckler
rNeg     + + +     Spirit   .   x - +0 scale mail
rPois    ∞         Reflect  .   c - +1 helmet
rElec    .         Harm     .   i - +1 cloak
rCorr    +         Rampage  .   (no gloves)
Will     .....                  (no boots)
Stlth    ..........             o - amulet of regeneration
HPRegen  0.00/turn              k - ring of see invisible
MPRegen  0.12/turn              a - ring of resist corrosion

@: mighty
A: claws 1, cold resistance 1, negative energy resistance 3, inhibited
regeneration, torment resistance, unbreathing
a: Renounce Religion, Curse Item, Scrying


You were on level 11 of the Dungeon.
You worshipped Ashenzari.
Ashenzari was pleased with you.
You visited 2 branches of the dungeon, and saw 12 of its levels.

You collected 668 gold pieces.
You spent 78 gold pieces at shops.

Inventory:

Hand Weapons
 b - the +6 dagger of Meager Prudence {vorpal, rC+ Int+2 Dex+6}
   (You found it on level 4 of the Dungeon)

   It inflicts extra damage upon your enemies.
   It affects your intelligence (+2).
   It affects your dexterity (+6).
   It protects you from cold.
 h - a +6 scimitar of freezing (weapon)
Missiles
 d - 9 throwing nets (quivered)
Armour
 c - a +1 helmet (worn)
 f - a +0 buckler (worn)
 i - a +1 cloak (worn)
 x - a +0 scale mail (worn)
Jewellery
 a - a ring of resist corrosion (right claw)
 k - a ring of see invisible (left claw)
 o - an amulet of regeneration (around neck)
 t - an uncursed ring of fire
Wands
 n - a wand of iceblast (10)
 s - a wand of flame (23)
 v - a wand of digging (6)
 y - a wand of paralysis (15)
Scrolls
 e - 2 scrolls of teleportation
 j - 2 scrolls of enchant armour
 l - 2 scrolls of fog
 q - 4 scrolls of remove curse
 r - 4 scrolls of blinking
 z - a scroll of identify
Potions
 g - 4 potions of flight
 p - a potion of resistance


   Skills:
 + Level 8.2 Fighting
 * Level 9.6 Long Blades
 - Level 1.7 Throwing
 * Level 9.3 Armour
 * Level 9.7 Dodging


You had 7 spell levels left.
You knew the following spells:

 Your Spells              Type           Power        Failure   Level
a - Confusing Touch       Hex            0%           100%        3

Your spell library contained the following spells:

 Spells                   Type           Power        Failure   Level
 Gell's Gravitas          Tloc           0%           100%        3
 Petrify                  Tmut/Erth      0%           100%        4
 Metabolic Englaciation   Hex/Ice        0%           100%        5
 Yara's Violent Unravell  Hex/Tmut       0%           100%        5


Dungeon Overview and Level Annotations

Branches:
Dungeon (11/15)            Temple (1/1) D:6            Lair (0/6) D:10
    Orc: D:9-12

Altars:
Ashenzari
Cheibriados
Dithmenos
Elyvilon
Fedhas
Gozag
Hepliaklqana
Kikubaaqudgha
Makhleb
Nemelex Xobeh
Okawaru
Qazlal
Ru
Sif Muna
Trog
Uskayaw
Vehumet
Wu Jian
Xom
Yredelemnul
Zin
The Shining One

Shops:
D:4 *   D:7 *


Innate Abilities, Weirdness & Mutations

You thrive by killing the living.
You are immune to poison.
You have sharp fingernails.
Your flesh is cold resistant. (rC+)
You are immune to negative energy. (rN+++)
You do not regenerate when monsters are visible.
You are immune to unholy pain and torment.
You can survive without breathing.


Message History

The 11-headed hydra is heavily wounded.
The 11-headed hydra bites you but does no damage.
The 11-headed hydra bites you!
The 11-headed hydra bites you but does no damage. x2
The 11-headed hydra bites you!
* * * LOW HITPOINT WARNING * * *
You block the 11-headed hydra's attack.
The 11-headed hydra bites you but does no damage. x3
The 11-headed hydra bites you!
* * * LOW HITPOINT WARNING * * *
The 11-headed hydra bites you but does no damage.
You feel very mighty all of a sudden.
You slice one of the 11-headed hydra's heads off!
The ten-headed hydra grows two more!
You slash the 12-headed hydra!
The 12-headed hydra seems to slow down.
You freeze the 12-headed hydra.
The 12-headed hydra is heavily wounded.
The 12-headed hydra bites you!
* * * LOW HITPOINT WARNING * * *
The 12-headed hydra bites you!
You die...

#.........#
#######+### .######
##....# .......
##.>#### .......
#..## .......
####'#####
.......#####......<.#
.......#...'........#
.
......5D@###........#
# .......###
#........# .......
#........# .......
#........# ###'###
######.### ... .(#
### .


You could see a 12-headed hydra (slow) and a quasit.

Vanquished Creatures
  A centaur warrior (D:9)
  2 two-headed ogres
  An unseen horror (D:9)
  Pikel (D:9)
  A wizard (D:9)
  2 cyclopes
  2 trolls
  A hornet (D:9)
  A slime creature (D:9)
  Sigmund (D:3)
  5 yaks (D:10)
  Grum (D:8)
  A vampire (D:7)
  A wraith (D:11)
  2 wargs (D:10)
  5 sky beasts
  4 orc warriors
  4 ice beasts
  A necrophage (D:8)
  3 phantoms
  2 ogres
  4 wolves (D:8)
  A lemure (D:9)
  A centaur (D:6)
  A big kobold (D:8)
  13 bullfrogs
  A gnoll sergeant (D:6)
  A wyvern zombie (D:8)
  2 water moccasin zombies
  2 wyvern skeletons (D:9)
  5 scorpions
  4 killer bees (D:7)
  12 wights
  5 howler monkeys
  4 hounds
  A quasit (D:9)
  A bullfrog zombie (D:9)
  2 gnoll shamans
  5 jellies
  4 iguanas
  6 orc priests
  A centaur skeleton (D:4)
  Jessica (D:2)
  Natasha (thrice) (D:2)
  9 orc wizards
  11 worker ants
  A hound zombie (D:8)
  A hound skeleton (D:4)
  Robin (D:2)
  16 gnolls
  2 worker ant zombies
  11 adders
  2 shadow imps
  5 white imps
  An ufetubus (D:9)
  3 oozes
  An adder zombie (D:7)
  2 adder skeletons
  3 worms
  2 dart slugs
  9 leopard geckos
  33 orcs
  4 giant cockroaches
  14 goblins
  7 hobgoblins
  8 jackals
  9 kobolds
  5 quokkas
  4 bats
  2 frilled lizards
  A giant cockroach zombie (D:6)
  2 leopard gecko skeletons
  A quokka skeleton (D:8)
  7 rats
299 creatures vanquished.

Vanquished Creatures (others)
  A plant (D:10)
1 creature vanquished.

Grand Total: 300 creatures vanquished

Notes
Turn   | Place    | Note
-------+----------+-------------------------------------------
     0 | D:1      | Borgoz the Ghoul Gladiator began the quest for the Orb.
     0 | D:1      | Reached XP level 1. HP: 17/17 MP: 0/0
   256 | D:1      | Reached XP level 2. HP: 25/25 MP: 1/1
   888 | D:1      | Reached skill level 1 in Armour
  1162 | D:2      | You fall into a shaft and drop 2 floors!
  1166 | D:4      | Got a dazzling dagger
  1168 | D:4      | Identified the +6 dagger of Meager Prudence {vorpal, rC+
                  | Int+2 Dex+6} (You found it on level 4 of the Dungeon)
  1176 | D:3      | Noticed Sigmund
  1182 | D:3      | Reached XP level 3. HP: 30/30 MP: 2/2
  1191 | D:3      | Killed Sigmund
  1192 | D:3      | Reached XP level 4. HP: 25/38 MP: 3/3
  1192 | D:3      | Reached XP level 5. HP: 30/45 MP: 4/4
  1372 | D:2      | Noticed Robin
  1384 | D:2      | Reached XP level 6. HP: 38/51 MP: 5/5
  1401 | D:2      | Killed Robin
  1514 | D:2      | Noticed Natasha
  1520 | D:2      | Killed Natasha
  1540 | D:2      | Found a bloodstained altar of Trog.
  1541 | D:2      | Found a radiant altar of Vehumet.
  1664 | D:2      | Noticed Jessica
  1669 | D:2      | Killed Jessica
  2542 | D:2      | Noticed Natasha
  2551 | D:2      | Killed Natasha
  2750 | D:2      | Noticed Natasha
  2763 | D:2      | Killed Natasha
  3402 | D:4      | Reached XP level 7. HP: 51/57 MP: 6/6
  4004 | D:4      | Reached skill level 5 in Dodging
  4136 | D:4      | Reached skill level 5 in Long Blades
  4136 | D:4      | Reached XP level 8. HP: 66/66 MP: 7/7
  4369 | D:4      | Found Lufogh's Assorted Antiques.
  4377 | D:4      | Bought a scroll labelled NIFEQENOX for 27 gold pieces
  4377 | D:4      | Bought a scroll labelled NIFEQENOX for 27 gold pieces
  4377 | D:4      | Bought a coppery potion for 24 gold pieces
  4735 | D:5      | Entered Level 5 of the Dungeon
  4980 | D:5      | Reached skill level 5 in Armour
  5154 | D:5      | Reached skill level 5 in Fighting
  5207 | D:5      | Noticed a two-headed ogre
  5221 | D:5      | Killed a two-headed ogre
  5222 | D:5      | Reached XP level 9. HP: 14/74 MP: 8/8
  5810 | D:5      | Found an opulent altar of Gozag.
  6026 | D:6      | Found a staircase to the Ecumenical Temple.
  6066 | Temple   | Entered the Ecumenical Temple
  6170 | Temple   | Became a worshipper of Ashenzari the Shackled
  7558 | D:7      | Reached XP level 10. HP: 57/83 MP: 9/9
  7750 | D:7      | Found Xilil's General Store.
  8125 | D:7      | Found an iron altar of Okawaru.
  8125 | D:7      | Found a stormy altar of Qazlal.
  8225 | D:7      | Found a shimmering altar of Xom.
  9333 | D:8      | Noticed Grum
  9987 | D:8      | Reached * piety under Ashenzari
 10687 | D:8      | Killed Grum
 11397 | D:9      | Noticed a two-headed ogre
 11402 | D:9      | Killed a two-headed ogre
 11530 | D:9      | Reached XP level 11. HP: 92/92 MP: 10/10
 11533 | D:9      | Noticed a cyclops
 11547 | D:9      | Killed a cyclops
 11551 | D:9      | Got the uncursed pair of boots of Gojugin {+Inv rPois
                  | Regen+}
 11557 | D:9      | Identified the -1 pair of boots of Gojugin {+Inv rPois
                  | Regen+} (You found it on level 9 of the Dungeon)
 12193 | D:9      | Noticed Pikel
 12206 | D:9      | Killed Pikel
 12684 | D:9      | Noticed a wizard
 12684 | D:9      | Noticed an unseen horror
 12684 | D:9      | Noticed a centaur warrior
 12692 | D:9      | Killed an unseen horror
 12702 | D:9      | Killed a centaur warrior
 13137 | D:9      | Killed a wizard
 13255 | D:9      | Learned a level 3 spell: Confusing Touch
 13365 | D:10     | Entered Level 10 of the Dungeon
 13459 | D:10     | Noticed a sea snake
 13555 | D:10     | Found a staircase to the Lair.
 13945 | D:10     | Found a bloodstained altar of Trog.
 14372 | D:11     | Noticed a cyclops
 14380 | D:11     | Killed a cyclops
 14544 | D:11     | Reached ** piety under Ashenzari
 14579 | D:11     | Noticed an eight-headed hydra
 14809 | D:11     | Slain by a 12-headed hydra

Illustrated notes

Levels and vault maps discovered:
D:1:      ebering_hopf_link, layout_loops_corners,
          hangedman_abyss_or_decor_stabs, grunt_decor_cap,
          serial_bayou_lagoon_a, minmay_misc_feat_tower
D:2:      layout_basic, chequers_temple_overflow_statue_of_worship,
          kennysheep_cross_bottleneck, uniq_jessica, uniq_natasha, uniq_robin
D:3:      layout_basic, uniq_sigmund
D:4:      layout_cave_pods, serial_shops, shop, moated_statue
D:5:      minmay_bubble_buster, layout_loops_ring, lemuel_tele_altar
D:6:      layout_basic, minmay_temple_entry_purple_smoke
D:7:      layout_loops_ring, gammafunk_temple_overflow_pools, serial_shops,
          nicolae_shop_trees, dk_xom_monty_hall
D:8:      layout_gridville, uniq_grum
D:9:      minmay_the_grid_octo_tiled_squarecenter [minmay_the_grid_octo_clover,
          minmay_the_grid_octo_focus, minmay_the_grid_octo_chip,
          minmay_the_grid_octo_fan_narrow,
          minmay_the_grid_square_5x5_megaprize_open,
          minmay_the_grid_square_5x5_intrusive_squares,
          minmay_the_grid_square_5x5_hollow_slash,
          minmay_the_grid_square_5x5_minibox,
          minmay_the_grid_square_5x5_pentomino_r], layout_long_grid,
          minmay_puff, uniq_pikel
D:10:     layout_loops_ring, erik_lair_orcish_takeover, serial_aquarium,
          aquarium_bridge_straight [aquarium_subvault_bridge,
          aquarium_subvault_window, aquarium_subvault_bridge,
          aquarium_subvault_window], aquarium_bridge_straight
          [aquarium_subvault_bridge, aquarium_subvault_wall,
          aquarium_subvault_bridge, aquarium_subvault_window],
          aquarium_window_1, aquarium_window_2, aquarium_view_2c,
          aquarium_view_2c, bloody_trog
D:11:     layout_roguey, minmay_door_square, uniq_maurice
Temple:   compressed_dpeg_circular_temple

Skill      XL: |  1  2  3  4  5  6  7  8  9 10 11 |
---------------+----------------------------------+-----
Armour         | 1 2 3 4 5 6 8 9 |  9.3
Long Blades    | 3 4 5 6 7 8 9 |  9.6
Fighting       | 3 4 5 6 7 8 |  8.2
Dodging        | 3 4 5 6 7 8 9 |  9.7
Throwing       | |  1.7

Action                   |  1- 3 |  4- 6 |  7- 9 | 10-12 || total
-------------------------+-------+-------+-------+-------++-------
Melee: Long sword        |    32 |       |       |       ||    32
       Dagger            |    11 |   135 |   449 |   258 ||   853
       Scimitar          |       |       |       |   374 ||   374
Throw: Throwing net      |       |       |     3 |     5 ||     8
Evoke: Wand              |       |       |       |     7 ||     7
  Use: Potion            |     3 |       |     1 |    10 ||    14
       Scroll            |       |       |    10 |    19 ||    29
 Stab: Held in net/web   |       |       |     2 |     1 ||     3
       Invisible         |       |       |     1 |       ||     1
Armor: Leather armour    |     5 |       |       |       ||     5
       Ring mail         |     5 |    60 |     7 |       ||    72
       Scale mail        |       |       |   147 |   253 ||   400
Dodge: Dodged            |    26 |   119 |   300 |   527 ||   972
Block: Buckler           |       |       |       |    60 ||    60
       Rpst.: Long sword |     9 |       |       |       ||     9
       Scimitar          |       |       |       |    88 ||    88
